 Dungeon Crawl Stone Soup version 0.29.1-13-g9f3cf754e1 (webtiles) character file.

Game seed: 16457527194643072735

5387 hbarley the Cleaver (level 10, -3/83 (88) HPs)
             Began as a Hill Orc Fighter on Jan 30, 2023.
             Slain by a two-headed ogre
             ... wielding a +0 giant club
              (11 damage)
             ... on level 9 of the Dungeon.
             The game lasted 00:30:24 (11427 turns).

hbarley the Cleaver (Hill Orc Fighter)             Turns: 11427, Time: 00:30:25

HP:   -3/83 (88)    AC: 16    Str: 27    XL:     10   Next: 66%
MP:   0/10          EV:  9    Int: 12    God:
Gold: 488           SH:  5    Dex: 11    Spells: 9/9 levels left

rFire   . . .      SeeInvis .   O - +2 hand axe (venom)
rCold   . . .      Faith    .   c - +0 buckler
rNeg    . . .      Spirit   +   P - +0 chain mail
rPois   .          Reflect  .   w - +0 helmet
rElec   .          Harm     .   (no cloak)
rCorr   .          Rampage  .   (no gloves)
Will    .....                   (no boots)
Stlth   ..........              y - amulet of guardian spirit
HPRegen 0.23/turn               B - +6 ring of strength
MPRegen 0.12/turn               i - +4 ring of protection

@: brilliant, drained
A: clever 1, mutation resistance 1
a: no special abilities


You were on level 9 of the Dungeon.
You visited 1 branch of the dungeon, and saw 10 of its levels.
You also visited: Ossuary.

You collected 488 gold pieces.

Inventory:

Hand Weapons
 a - a +0 war axe
 d - a +0 vorpal halberd
 O - a +2 hand axe of venom (weapon)
 Q - a +3 battleaxe
Missiles
 C - 2 throwing nets (quivered)
Armour
 b - a +0 scale mail
 c - a +0 buckler (worn)
 w - a +0 helmet (worn)
 J - a +0 helmet
 P - a +0 chain mail (worn)
Jewellery
 f - a ring of magical power
 i - a +4 ring of protection (right hand)
 y - an amulet of guardian spirit (around neck)
 B - a +6 ring of strength (left hand)
 I - a +4 ring of protection
Wands
 u - a wand of roots (19)
 F - a wand of flame (21)
Scrolls
 l - 3 scrolls of immolation {unknown}
 m - 3 scrolls of poison {unknown}
 n - 10 scrolls of identify {unknown}
 o - a scroll of fear {unknown}
 q - 3 scrolls of amnesia {unknown}
 r - a scroll of silence {unknown}
 v - 2 scrolls of enchant weapon {unknown}
 x - 2 scrolls of brand weapon {unknown}
 z - 2 scrolls of acquirement {unknown}
 A - a scroll of blinking {unknown}
 D - a scroll of enchant armour {unknown}
 G - a scroll of noise {unknown}
 L - a scroll of magic mapping {unknown}
 N - a scroll of teleportation {unknown}
Potions
 e - 6 potions of curing
 g - 2 potions of attraction {unknown}
 h - a potion of ambrosia
 j - a potion of resistance {unknown}
 k - 2 potions of degeneration {unknown}
 p - 2 potions of lignification {unknown}
 s - 2 potions of flight {unknown}
 t - 4 potions of brilliance
 E - a potion of cancellation {unknown}
 H - 2 potions of heal wounds {unknown}
 K - a potion of magic {unknown}
 M - a potion of mutation


   Skills:
 + Level 8.1 Fighting
 + Level 13.8 Axes
 + Level 8.4 Armour
 + Level 3.2 Dodging
 + Level 1.2 Stealth
 + Level 6.0 Shields
 + Level 1.2 Evocations


You had 9 spell levels left.
You didn't know any spells.
Your spell library contained the following spells:

 Spells                   Type           Power      Damage    Failure   Level
 Magic Dart               Conj           0%         1d3       90%         1
 Summon Small Mammal      Summ           0%         N/A       90%         1
 Poisonous Vapours        Pois/Air       0%         N/A       97%         2
 Searing Ray              Conj           0%         2d4       97%         2
 Static Discharge         Conj/Air       0%         3-3/arc   97%         2
 Call Canine Familiar     Summ           0%         N/A       99%         3
 Gell's Gravitas          Tloc           0%         N/A       99%         3
 Lesser Beckoning         Tloc           0%         N/A       99%         3
 Summon Guardian Golem    Hex/Summ       0%         N/A       99%         3
 Teleport Other           Tloc           0%         N/A       99%         3
 Corpse Rot               Necr/Pois/Air  0%         N/A       100%        4
 Dispel Undead            Necr           0%         3d6       100%        4
 Fulminant Prism          Conj/Hex       0%         3d6       100%        4
 Sticky Flame             Conj/Fire      0%         2d3       100%        4
 Alistair's Intoxication  Tmut/Pois      0%         N/A       100%        5
 Borgnjor's Vile Clutch   Necr/Erth      0%         N/A       100%        5
 Dispersal                Tloc           0%         N/A       100%        6
 Eringya's Noxious Bog    Tmut/Pois      0%         N/A       100%        6


Dungeon Overview and Level Annotations

Branches:
Dungeon (10/15)            Temple (0/1) D:6         Ossuary (visited)
   Lair: D:8-11         Orc: D:9-12

Altars:
Qazlal
Trog

Shops:
D:1 [

Annotations:
D:3 1 runed translucent door, cheesebisquit's ghost, amateur MiHu


Innate Abilities, Weirdness & Mutations

Your mind is acute. (Int +4, Str/Dex -1)
You are somewhat resistant to further mutation.


Message History

You see here a +0 short sword.
You see here a +0 shortbow.
There is a stone staircase leading up here.
You can't go down here!
You climb upwards.
There is a stone staircase leading down here.
You start resting.
HP restored.
You start waiting.
Done waiting.
You climb downwards.
The two-headed ogre closely misses you.
The two-headed ogre hits you with a +0 giant club!
There is a stone staircase leading up, spattered with blood here.
You slash the two-headed ogre!
The two-headed ogre is lightly wounded.
The two-headed ogre hits you with a +0 giant club!!
The two-headed ogre hits you with a +0 giant club!
You hit the two-headed ogre.
The two-headed ogre is poisoned.
The two-headed ogre is moderately wounded.
You hit the two-headed ogre but do no damage.
The two-headed ogre looks as sick as possible!
The two-headed ogre is moderately wounded.
You slash the two-headed ogre!
The two-headed ogre looks as sick as possible!
The two-headed ogre is moderately wounded.
The two-headed ogre hits you with a +0 giant club!!
The two-headed ogre completely misses you.
You barely miss the two-headed ogre.
The two-headed ogre is moderately wounded.
It was a potion of brilliance.
You feel clever all of a sudden.
The two-headed ogre hits you with a +0 giant club!
* * * LOW HITPOINT WARNING * * *
The two-headed ogre barely misses you.
It was a potion of mutation.
You feel extremely strange.
You feel genetically stable.
You feel clever.
The two-headed ogre hits you with a +0 giant club!
* * * LOW HITPOINT WARNING * * *
The two-headed ogre hits you with a +0 giant club!
You die...

.....# ##.## # #....#.... ###.##
#...# #.##......... #.# #...#
#..<...###### ###.##
#...#########[.## ### .....#
#####.........#...[.# #..
###..###...........#.#.....####..
#...........................)..
#.####........O..#.........##..
#..# ####...).@.)..........##..
##.# #.....#####..#..#..#### ##.
#.....# #..##.#..# # #.)...#
#..##.#..# #.....# #........####
###.### #####........ #[####
######### #########.)..# #######
#......#####.# #.....#


You could see a two-headed ogre (extremely poisoned).

Vanquished Creatures
  Pikel (D:9)
  Psyche (D:9)
  A hornet (D:9)
  8 yaks
  A wyvern (D:8)
  Menkaure (D:7)
  A water moccasin (D:9)
  An orc warrior (D:10)
  A sky beast (D:6)
  An ogre (D:8)
  2 ice beasts (D:6)
  3 centaurs
  3 lemures
  A phantom (D:6)
  An elf zombie (Ossuary)
  2 kobold brigands
  A necrophage (D:4)
  4 bullfrogs (D:8)
  2 gnoll sergeants
  2 scorpions (D:7)
  3 wights
  4 killer bees
  3 howler monkeys
  A centaur zombie (Ossuary)
  2 human zombies (Ossuary)
  3 orc priests
  3 hounds
  2 gnoll boudas
  2 iguanas
  3 orc wizards
  2 mummies (Ossuary)
  10 adders
  28 gnolls
  2 ufetubi
  2 adder zombies (Ossuary)
  2 worms (D:2)
  5 dart slugs
  29 orcs
  5 bats
  9 endoplasms
  5 giant cockroaches
  10 goblins
  6 hobgoblins
  4 jackals (D:1)
  18 kobolds
  2 quokkas
  5 ball pythons
  A frilled lizard (D:3)
  A goblin zombie (Ossuary)
  9 hobgoblin zombies (Ossuary)
  A jackal zombie (Ossuary)
  8 kobold zombies (Ossuary)
  9 orc zombies (Ossuary)
  3 rats
240 creatures vanquished.

Vanquished Creatures (others)
  7 fungi (D:2)
  2 plants (D:6)
  2 toadstools (D:2)
11 creatures vanquished.

Grand Total: 251 creatures vanquished

Notes
Turn   | Place    | Note
-------+----------+-------------------------------------------
     0 | D:1      | hbarley the Hill Orc Fighter began the quest for the Orb.
     0 | D:1      | Reached XP level 1. HP: 19/19 MP: 1/1
   157 | D:1      | Reached XP level 2. HP: 23/27 MP: 2/2
   274 | D:1      | Found Weerghure's Antique Armour Shop.
   674 | D:1      | Reached XP level 3. HP: 33/33 MP: 3/3
   745 | D:1      | Reached skill level 3 in Axes
  1319 | D:2      | Found a faded altar of an unknown god.
  1778 | D:2      | Reached XP level 4. HP: 38/40 MP: 4/4
  2126 | D:3      | Reached skill level 4 in Axes
  2175 | D:3      | Found a runed translucent door.
  2179 | D:3      | Noticed a bullfrog
  2180 | D:3      | Noticed cheesebisquit's ghost (amateur MiHu)
  2223 | D:3      | Identified the +2 whip of the Tomato {vamp, Str+4}
  2710 | D:3      | Found a stormy altar of Qazlal.
  2970 | D:4      | Reached XP level 5. HP: 46/46 MP: 5/5
  3778 | D:4      | Reached skill level 5 in Axes
  3826 | D:4      | Reached XP level 6. HP: 40/53 MP: 6/6
  4006 | D:5      | Entered Level 5 of the Dungeon
  4078 | D:5      | Reached skill level 6 in Axes
  4945 | D:4      | Reached skill level 5 in Fighting
  4945 | D:4      | Reached skill level 5 in Armour
  4945 | D:4      | Reached skill level 1 in Dodging
  4945 | D:4      | Reached XP level 7. HP: 32/61 MP: 7/7
  5381 | D:5      | Reached skill level 7 in Axes
  6134 | D:6      | Reached skill level 8 in Axes
  6134 | D:6      | Reached XP level 8. HP: 51/68 MP: 5/8
  6479 | D:6      | Noticed a yak
  6480 | D:6      | Noticed a yak
  6482 | D:6      | Noticed a yak
  6487 | D:6      | Noticed a yak
  6493 | D:6      | Killed a yak
  6496 | D:6      | Killed a yak
  6497 | D:6      | Reached skill level 9 in Axes
  6498 | D:6      | Killed a yak
  6499 | D:6      | Killed a yak
  6625 | D:6      | Found a staircase to the Ecumenical Temple.
  6730 | D:6      | Reached skill level 10 in Axes
  6820 | D:6      | Reached XP level 9. HP: 59/75 MP: 7/9
  7599 | D:7      | Reached skill level 5 in Shields
  7864 | D:7      | Noticed Menkaure
  7875 | D:7      | Killed Menkaure
  8122 | D:8      | Reached skill level 11 in Axes
  8223 | D:8      | Found a sand-covered staircase.
  8233 | Ossuary  | Entered an ossuary
  8683 | D:7      | Reached skill level 12 in Axes
  9171 | D:8      | Reached XP level 10. HP: 78/86 MP: 10/10
  9651 | D:8      | Reached skill level 1 in Stealth
  9673 | D:8      | Found a bloodstained altar of Trog.
  9787 | D:8      | Reached skill level 13 in Axes
 10136 | D:9      | Paralysed by a hornet for 3 turns
 10146 | D:9      | Reached skill level 1 in Evocations
 10319 | D:10     | Entered Level 10 of the Dungeon
 10576 | D:9      | Noticed Pikel
 10595 | D:9      | Killed Pikel
 10605 | D:9      | Noticed Psyche
 10618 | D:9      | Killed Psyche
 11069 | D:9      | Noticed a two-headed ogre
 11427 | D:9      | Gained mutation: You are somewhat resistant to further
                  | mutation. [potion of mutation]
 11427 | D:9      | Gained mutation: Your mind is acute. (Int +4, Str/Dex -1)
                  | [potion of mutation]
 11427 | D:9      | Slain by a two-headed ogre

Illustrated notes

Levels and vault maps discovered:
D:1:      scummos_arrival_star, layout_basic, serial_shops, shop
D:2:      layout_basic, nicolae_ecumenical_pavilion, minmay_gold_behind_fungi
D:3:      layout_loops_ring, marbit_many_paths, ebering_ghost_sewer_d,
          supply_closet_lemuel, kennysheep_generic_room_11
D:4:      layout_loops_ring
D:5:      layout_layer_cave
D:6:      corexii_shack_village, layout_basic, minmay_temple_entry_from_below_a,
          skrybe_limestone_x
D:7:      layout_rooms, uniq_menkaure
D:8:      layout_rooms, overflow_temple_1_default, nicolae_ossuary_entry_ruins
D:9:      layout_loops_cross, uniq_pikel, uniq_psyche
D:10:     lemuel_reptile_caves, layout_cave_pods, zombieorc2_lemuel,
          uniq_maggie, uniq_harold

Skill      XL: |  1  2  3  4  5  6  7  8  9 10 |
---------------+-------------------------------+-----
Fighting       | 4 5 6 7 8 |  8.1
Axes           | 3 4 5 6 8 10 12 13 | 13.8
Armour         | 4 5 6 7 8 |  8.4
Shields        | 4 5 6 |  6.0
Dodging        | 1 2 3 |  3.2
Stealth        | 1 |  1.2
Evocations     | 1 |  1.2

Action                   |  1- 3 |  4- 6 |  7- 9 | 10-12 || total
-------------------------+-------+-------+-------+-------++-------
Melee: War axe           |    92 |   176 |   388 |    75 ||   731
       Hand axe          |       |       |       |   109 ||   109
Evoke: Wand              |       |       |       |    13 ||    13
  Use: Potion            |       |     3 |     1 |     3 ||     7
Armor: Scale mail        |    44 |    79 |   185 |    71 ||   379
       Chain mail        |       |       |       |    22 ||    22
Dodge: Dodged            |    34 |    80 |   162 |   100 ||   376
Block: Buckler           |    19 |    39 |    89 |    38 ||   185
